 Dungeon Crawl Stone Soup version 0.32-a0-859-gb0a091d592 (webtiles) character file.

Game seed: 1110602356995374211

44 pokeman the Magician (level 3, -1/20 HPs)
             Began as a Deep Elf Hedge Wizard on Mar 27, 2024.
             Slain by Jessica
             ... wielding a +2 dagger of venom
              (7 damage)
             ... on level 2 of the Dungeon.
             The game lasted 00:01:08 (1099 turns).

pokeman the Magician (Deep Elf Hedge Wizard)        Turns: 1099, Time: 00:01:09

Health: -1/20      AC:  2    Str:  7    XL:     3   Next: 41%
Magic:  1/11       EV: 11    Int: 20    God:
Gold:   85         SH:  0    Dex: 14    Spells: 11/12 levels left

rFire   . . .        a - +0 dagger
rCold   . . .        (no shield)
rNeg    . . .        b - +0 robe
rPois   .            c - +0 hat
rElec   .            (no cloak)
rCorr   .            (no gloves)
SInv    .            (no boots)
Will    .....        (no amulet)
Stlth   ++           (no ring)
HPRegen 0.23/turn    (no ring)
MPRegen 0.12/turn

%: no passive effects
@: lethally poisoned (-1 -> -5), slowed, very slow
A: no striking features
a: no special abilities


You were on level 2 of the Dungeon.
You visited 1 branch of the dungeon, and saw 2 of its levels.

You collected 85 gold pieces.

Inventory:

Hand Weapons
 a - a +0 dagger (weapon)
Armour
 b - a +0 robe (worn)
 c - a +0 hat (worn)
Scrolls
 f - a scroll of teleportation {unknown}
 g - a scroll of vulnerability {unknown}
 j - a scroll of identify {unknown}
Potions
 d - a potion of magic
 e - a potion of curing {unknown}
 h - a potion of attraction {unknown}
 i - a potion of mutation {unknown}


   Skills:
 - Level 1.0 Fighting
 + Level 0.9 Armour
 + Level 2.4 Dodging
 - Level 2.4 Stealth
 * Level 5.2 Spellcasting
 + Level 1.8 Conjurations
 - Level 1.1 Summonings
 - Level 1.1 Translocations


You had 11 spell levels left.
You knew the following spells:

 Your Spells              Type           Power      Damage    Failure   Level
a - Magic Dart            Conj           48%        1d5       5%          1

Your spell library contained the following spells:

 Spells                   Type           Power      Damage    Failure   Level
 Blink                    Tloc           18%        N/A       11%         2
 Call Imp                 Summ           18%        N/A       11%         2
 Slow                     Hex            20%        N/A       12%         1
 Cigotuvi's Dreadful Rot  Necr/Alch/Air  10%        N/A       17%         2
 Mephitic Cloud           Conj/Alch/Air  7%         N/A       26%         3


Dungeon Overview and Level Annotations

Branches:
Dungeon (2/15)

Altars:

Annotations:
D:2 Jessica


Message History

You feel yourself slow down.
Casting: Magic Dart (safe; 7% risk of failure)
Confirm with . or Enter, or press ? or * to list all spells.
Aiming: Magic Dart (safe; 7% risk of failure)
Press: ? - help, Shift-Dir - straight line, f/p - Natasha
Aim: Natasha (almost dead, 100% to hit)
The magic dart hits Natasha.
You kill Natasha!
Natasha yowls pathetically as she dies!
Jessica mumbles some strange words.
Jessica seems to speed up.
Your Fighting skill increases to level 1!
Your Spellcasting skill increases to level 5!
You have reached level 3!
Your experience leads to an increase in your attributes!
Increase (S)trength, (I)ntelligence, or (D)exterity?
You feel clever. x2
Unknown command.
Casting: Magic Dart (safe; 5% risk of failure)
Confirm with . or Enter, or press ? or * to list all spells.
Aiming: Magic Dart (safe; 5% risk of failure)
Press: ? - help, Shift-Dir - straight line, f - Jessica
Aim: Jessica, wielding a +2 dagger of venom and wearing a +0 robe (moderately wounded, fast, 100% to hit)
The magic dart hits Jessica.
Jessica is heavily wounded.
Jessica points at you and mumbles some strange words.
Pain shoots through your body!
Jessica hits you with a +2 dagger of venom.
You are poisoned.
Casting: Magic Dart (safe; 5% risk of failure)
Confirm with . or Enter, or press ? or * to list all spells.
Aiming: Magic Dart (safe; 5% risk of failure)
Press: ? - help, Shift-Dir - straight line, f/p - Jessica
Aim: Jessica, wielding a +2 dagger of venom and wearing a +0 robe (heavily wounded, fast, 100% to hit)
The magic dart hits Jessica.
Jessica is severely wounded.
* * * LOW HITPOINT WARNING * * *
You feel very sick.
Jessica hits you with a +2 dagger of venom!
You die...

##......+
#....<..#
+.......#
#.......#
##......#
##.....# ##....#
##+#.##########.#
#...@@.......#
######†#...###
#.# .## ..# # .##
#@ .. ..


You could see Jessica (fast).

Vanquished Creatures
  Natasha (D:2)
  2 dart slugs (D:1)
  2 ball pythons (D:1)
  2 bats (D:1)
  3 endoplasms (D:1)
  A giant cockroach (D:1)
  2 kobolds (D:1)
  A goblin (D:1)
  2 rats (D:1)
16 creatures vanquished.

Notes
Turn   | Place    | Note
-------+----------+-------------------------------------------
     0 | D:1      | pokeman the Deep Elf Hedge Wizard began the quest for the
                  | Orb.
     0 | D:1      | Reached XP level 1. HP: 10/10 MP: 7/7
   187 | D:1      | Reached XP level 2. HP: 16/16 MP: 6/9
   997 | D:1      | Found a faded altar of an unknown god.
  1083 | D:2      | Noticed Jessica
  1089 | D:2      | Noticed Natasha
  1095 | D:2      | Killed Natasha
  1096 | D:2      | Reached skill level 1 in Fighting
  1096 | D:2      | Reached skill level 5 in Spellcasting
  1096 | D:2      | Reached XP level 3. HP: 13/20 MP: 2/11
  1099 | D:2      | Slain by Jessica

Illustrated notes

Levels and vault maps discovered:
D:1:      spicycebolla_green_bress_n_ham_2, layout_basic,
          shapermc_ecumenical_altar_hornbeckon, hangedman_decor_diamond_cutter,
          minmay_misc_feat_plants, minmay_surrounded
D:2:      minmay_skewed_foursquare, layout_loops_corners, serial_shops,
          nicolae_shop_statue_plus, shop, nicolae_shop_bloodbath_and_beyond,
          minivault_25, minmay_misc_feat_tiny, uniq_jessica, uniq_natasha,
          uniq_crazy_yiuf_cottage

Skill      XL: |  1  2 |
---------------+-------+-----
Fighting       | 1 |  1.0
Spellcasting   | 5 |  5.2
Armour         | |  0.9
Dodging        | |  2.4
Stealth        | |  2.4
Conjurations   | |  1.8
Summonings     | |  1.1
Translocations | |  1.1

Action                     || total
---------------------------++-------
  Melee: Dagger            ||     1
   Cast: Magic Dart        ||    52
 Armour: Robe              ||     7
  Dodge: Dodged            ||     7

Table legend: (Time is in decaauts)
 A = Elapsed time spent in this place.
 B = Non-inter-level travel time spent in this place.
 C = Inter-level travel time spent in this place.
 D = Time resting spent in this place.
 E = Time spent auto-exploring this place.
 F = Levels seen in this place.
 G = Mean time per level.
                   A        B        C        D        E       F      G
               +--------+--------+--------+--------+--------+-----+--------+
         Total |   1111 |   1042 |     69 |     61 |    873 |   2 |  555.5 |
       Dungeon |   1111 |   1042 |     69 |     61 |    873 |   2 |  555.5 |
               +--------+--------+--------+--------+--------+-----+--------+

Top non-repeatable levels by time:
     D:1: 1078 daAuts
     D:2: 32 daAuts
